 Dungeon Crawl Stone Soup version 0.31-a0-931-g7b59d4eb97 (webtiles) character file.

Game seed: 16988914606065882652

44 Persephone the Ruffian (level 3, -3/33 HPs)
             Began as a Troll Shapeshifter on Oct 19, 2023.
             Slain by a gnoll
             ... wielding a +0 whip
              (7 damage)
             ... on level 2 of the Dungeon.
             The game lasted 00:00:55 (706 turns).

Persephone the Ruffian (Troll Shapeshifter)          Turns: 706, Time: 00:00:55

Health: -3/33      AC:  4    Str: 24    XL:     3   Next: 41%
Magic:  2/2        EV:  9    Int:  6    God:
Gold:   27         SH:  0    Dex:  9    Spells: 2/2 levels left

rFire   . .          .
                       - Unarmed
rCold   . . .        (no shield)
rNeg    . . .        a - +0 animal skin
rPois   .            (helmet currently unavailable)
rElec   .            (cloak currently unavailable)
rCorr   .            (gloves unavailable)
SInv    .            (boots unavailable)
Will    .....        (no amulet)
Stlth   +            (no ring)
HPRegen 1.05/turn    (no ring)
MPRegen 0.08/turn

%: no passive effects
@: beast-form
A: beast (slay +1), large, unfitting armour, claws 3, regeneration 1, shaggy fur
1, tough skin 1
a: Begin Untransformation


You were on level 2 of the Dungeon.
You were a hulking beast.
You visited 1 branch of the dungeon, and saw 2 of its levels.

You collected 27 gold pieces.

Inventory:

Armour
 a - a +0 animal skin (worn)
Talismans
 c - a beast talisman (active)
 d - a flux talisman
Scrolls
 h - a scroll of enchant weapon {unknown}
 j - a scroll of identify {unknown}
Potions
 b - a potion of lignification
 e - 2 potions of heal wounds {unknown}
 f - a potion of brilliance {unknown}
 g - 2 potions of mutation {unknown}
 i - a potion of curing {unknown}


   Skills:
 - Level 1.0 Fighting
 - Level 1.5 Dodging
 * Level 4.0 Unarmed Combat
 + Level 3.4 Shapeshifting


You had 2 spell levels left.
You didn't know any spells.
Your spell library was empty.

Dungeon Overview and Level Annotations

Branches:
Dungeon (2/15)

Altars:


Innate Abilities, Weirdness & Mutations

You are a hulking beast.
Your limbs bulge with bestial killing power. (Slay +1)
You are too large for most types of armour.
You have claws for hands.
Your natural rate of healing is unusually fast.
You are covered in fur. (AC +1)
You have tough skin. (AC +1)


Message History

A gnoll comes into view. It is wielding a +0 halberd.
You have reached level 3!
Your experience leads to an increase in your attributes!
Increase (S)trength, (I)ntelligence, or (D)exterity?
You feel stronger. x3
The gnoll barely misses you.
Things that are here:
a +0 whip; a gnoll corpse You scratch the gnoll.
The gnoll is lightly wounded.
The gnoll barely misses you. The gnoll hits you with a +0 flail.
You scratch the gnoll.
The gnoll is moderately wounded.
The gnoll closely misses you. The gnoll barely misses you.
A bat comes into view.
The gnoll misses you. The gnoll hits you with a +0 whip.
The gnoll hits you with a +0 flail. The bat hits you but does no damage.
You claw the gnoll!
The gnoll is almost dead.
The bat hits you but does no damage. x2; The gnoll hits you with a +0 flail.
The gnoll hits you with a +0 halberd. The gnoll hits you with a +0 whip.
You scratch the gnoll but do no damage.
The gnoll is almost dead.
The bat barely misses you. The bat hits you but does no damage.
The gnoll hits you with a +0 flail.
* * * LOW HITPOINT WARNING * * *
The bat hits you but does no damage. The gnoll hits you with a +0 halberd!
* * * LOW HITPOINT WARNING * * *
The gnoll closely misses you.
You scratch the gnoll.
You kill the gnoll!
The bat hits you but does no damage. The gnoll closely misses you. x2
Your Unarmed Combat skill increases to level 4!
You closely miss the gnoll. The gnoll barely misses you.
The gnoll hits you but does no damage.
You scratch the gnoll.
The gnoll is moderately wounded.
The bat misses you. The bat barely misses you.
The gnoll hits you with a +0 whip!
You die...

#.# #.# # #.# ### .#####
#.# ..# #.. ..# #.# #
#.#.# #.# #.#
#.#####>#####.####.##
####....................
......bh)$.#####.####...
.......gg.....#...###.#.
####..#######.........#.
..... ###...###.#. ###.
....####.#. ##
#####...... #.##.##
#.##.## #.##.##


You could see 2 gnolls and a bat.

Vanquished Creatures
  An adder (D:2)
  2 gnolls (D:2)
  A bat (D:1)
  4 endoplasms (D:1)
  2 kobolds (D:1)
  2 quokkas (D:1)
  A ball python (D:1)
  2 goblins (D:1)
  A rat (D:1)
16 creatures vanquished.

Notes
Turn   | Place    | Note
-------+----------+-------------------------------------------
     0 | D:1      | Persephone the Troll Shapeshifter began the quest for the
                  | Orb.
     0 | D:1      | Reached XP level 1. HP: 18/18 MP: 0/0
    42 | D:1      | Reached skill level 1 in Fighting
   160 | D:1      | Reached XP level 2. HP: 27/27 MP: 1/1
   698 | D:2      | Reached XP level 3. HP: 33/33 MP: 2/2
   703 | D:2      | HP: 1/33 [gnoll/+0 halberd (8)]
   705 | D:2      | Reached skill level 4 in Unarmed Combat
   706 | D:2      | Slain by a gnoll

Illustrated notes

Levels and vault maps discovered:
D:1:      minmay_arrival_four_loops, layout_loops_cross,
          chequers_serial_rivers_micro_a
D:2:      layout_loops_ring, serial_shops, nicolae_shop_rolled_up,
          minmay_increasing_density

Skill      XL: |  1  2  3 |
---------------+----------+-----
Fighting       | 1 |  1.0
Unarmed Combat | 4 |  4.0
Dodging        | |  1.5
Shapeshifting  | |  3.4

Action                     || total
---------------------------++-------
  Melee: Unarmed           ||    34
 Armour: Animal skin       ||    35
  Dodge: Dodged            ||    20

Table legend: (Time is in decaauts)
 A = Elapsed time spent in this place.
 B = Non-inter-level travel time spent in this place.
 C = Inter-level travel time spent in this place.
 D = Time resting spent in this place.
 E = Time spent auto-exploring this place.
 F = Levels seen in this place.
 G = Mean time per level.
                   A        B        C        D        E       F      G
               +--------+--------+--------+--------+--------+-----+--------+
         Total |    703 |    690 |     13 |      0 |    597 |   2 |  351.5 |
       Dungeon |    703 |    690 |     13 |      0 |    597 |   2 |  351.5 |
               +--------+--------+--------+--------+--------+-----+--------+

Top non-repeatable levels by time:
     D:1: 639 daAuts
     D:2: 64 daAuts
